 Dungeon Crawl Stone Soup version 0.29.1-15-g9cfb28693d (webtiles) character file.

Game seed: 14989596334300799900

919 Revguard the Shield-Bearer (level 7, -3/63 HPs)
             Began as a Demigod Fighter on Apr 10, 2023.
             Slain by Grinder (9 damage)
             ... on level 5 of the Dungeon.
             The game lasted 00:10:59 (5005 turns).

Revguard the Shield-Bearer (Demigod Fighter)        Turns: 5005, Time: 00:11:00

Health: -3/63      AC:  9    Str: 21    XL:     7   Next: 53%
Magic:  9/9        EV:  8    Int: 10    God:
Gold:   268        SH: 10    Dex: 17    Spells: 6/6 levels left

rFire   . . .      SeeInvis .   a - +0 war axe
rCold   . . .      Faith    .   c - +0 buckler
rNeg    . . .      Spirit   .   o - +0 chain mail
rPois   .          Reflect  +   (no helmet)
rElec   .          Harm     .   (no cloak)
rCorr   .          Rampage  .   (no gloves)
Will    .....                   (no boots)
Stlth   ..........              g - amulet of reflection
HPRegen 0.20/turn               (no ring)
MPRegen 0.11/turn               (no ring)

@: unable to drink
A: high MP 1, forlorn, divine attributes, robust 1, wild magic 1, inability to
drink after injury 1, MP-powered wands
a: no special abilities


You were on level 5 of the Dungeon.
You visited 1 branch of the dungeon, and saw 5 of its levels.

You collected 268 gold pieces.

Inventory:

Hand Weapons
 a - a +0 war axe (weapon)
 p - a +0 hand axe of freezing
Armour
 c - a +0 buckler (worn)
 o - a +0 chain mail (worn)
Jewellery
 g - an amulet of reflection (around neck)
 q - a +6 ring of intelligence
Scrolls
 b - a scroll of silence {unknown}
 h - a scroll of vulnerability {unknown}
 i - a scroll of blinking {unknown}
 k - 2 scrolls of immolation {unknown}
 l - a scroll of amnesia {unknown}
 n - a scroll of enchant armour {unknown}
 r - a scroll of teleportation {unknown}
Potions
 e - a potion of heal wounds {unknown}
 f - a potion of flight
 j - a potion of attraction {unknown}


   Skills:
 + Level 3.9 Fighting
 * Level 4.3 Axes
 + Level 3.9 Armour
 + Level 2.7 Dodging
 * Level 4.8 Shields
 + Level 2.7 Evocations


You had 6 spell levels left.
You didn't know any spells.
Your spell library contained the following spells:

 Spells                   Type           Power      Damage    Failure   Level
 Beastly Appendage        Tmut           0%         N/A       99%         1
 Foxfire                  Conj/Fire      0%         2x1d4     99%         1
 Blink                    Tloc           0%         N/A       100%        2
 Wereblood                Tmut           0%         N/A       100%        2
 Conjure Flame            Conj/Fire      0%         6-21      100%        3
 Inner Flame              Hex/Fire       0%         N/A       100%        3
 Portal Projectile        Hex/Tloc       0%         N/A       100%        3
 Spider Form              Tmut/Pois      0%         N/A       100%        3
 Tukima's Dance           Hex            0%         N/A       100%        3
 Cause Fear               Hex            0%         N/A       100%        4
 Flame Wave               Conj/Fire      0%         2d4       100%        4
 Blade Hands              Tmut           0%         N/A       100%        5
 Manifold Assault         Tloc           0%         N/A       100%        5
 Storm Form               Tmut/Air       0%         N/A       100%        7
 Discord                  Hex            0%         N/A       100%        8


Dungeon Overview and Level Annotations

Branches:
Dungeon (5/15)
 Temple: D:4-7

Annotations:
D:5 1 runed translucent door, Grinder; engelados's ghost, novice GrCj


Innate Abilities, Weirdness & Mutations

You have an increased reservoir of magic. (+10% MP)
You shall have no god before yourself.
Your divine heritage dramatically boosts your attributes as you level up.
You are robust. (+10% HP)
Your spells are a little harder to cast, but a little more powerful.
You occasionally lose the ability to drink potions when taking damage.
You expend magic power (3 MP) to strengthen your wands.


Message History

Grinder hits you. x2
Grinder barely misses you.
You can move again.
You barely miss Grinder.
Grinder is severely wounded.
Grinder barely misses you. Grinder hits you.
You barely miss Grinder.
Grinder is severely wounded.
Grinder gestures at you. Pain shoots through your body!
* * * LOW HITPOINT WARNING * * *
Unknown command.
It was a potion of mutation.
You feel extremely strange.
You occasionally lose the ability to drink potions when taking damage.
You feel robust.
You feel your magical essence link to the dungeon's wands.
You feel less in control of your magic. You block Grinder's attack.
Okay, then.
You feel better. Grinder gestures at you.
You suddenly lose the ability to move!
Grinder hits you but does no damage. x3
Grinder gestures at you. Pain shoots through your body!
* * * LOW HITPOINT WARNING * * *
You can move again.
You feel better. Grinder gestures at you. Pain shoots through your body!
You feel threatened and lose the ability to drink potions!
* * * LOW HITPOINT WARNING * * *
You completely miss Grinder.
Grinder is severely wounded.
Grinder hits you!
* * * LOW HITPOINT WARNING * * *
You slash Grinder!
Grinder is almost dead.
Grinder hits you!
You die...

###(......#......#######.#.#
# #.......#####......###.# .
# #.......## #...........#
.###
#........###..............##.
#.........##........########)
#.......#..#.###....# ##.
##############...########
##.##.. ....# #.......#
#...... ....# #...@...#
###...# ....# #....5...#
.......# ....# #..........#
##..##.# ....# .........##.#
#.# #.#
....######.#.......... # #.
#.# ........##...........#. #
#.# ##......##.#.........# #
#.# ##......###...###....# #
....<...##...##⌠##.. #


You could see Grinder.

Vanquished Creatures
  Menkaure (D:4)
  Duvessa (D:5)
  A water moccasin (D:5)
  An ogre (D:5)
  A phantom (D:3)
  2 scorpions (D:5)
  Dowan (D:5)
  A hound (D:5)
  2 orc priests
  2 orc wizards (D:5)
  3 adders
  2 ufetubi
  2 worms (D:3)
  2 dart slugs
  8 orcs
  3 bats
  7 endoplasms
  3 giant cockroaches
  3 goblins (D:1)
  6 hobgoblins
  2 jackals (D:3)
  2 quokkas (D:1)
  11 ball pythons
  8 frilled lizards
  8 kobolds
  8 rats
91 creatures vanquished.

Vanquished Creatures (others)
  10 plants (D:2)
10 creatures vanquished.

Grand Total: 101 creatures vanquished

Notes
Turn   | Place    | Note
-------+----------+-------------------------------------------
     0 | D:1      | Revguard the Demigod Fighter began the quest for the Orb.
     0 | D:1      | Reached XP level 1. HP: 18/18 MP: 3/3
   213 | D:1      | Reached XP level 2. HP: 21/25 MP: 4/4
  1068 | D:2      | Reached skill level 1 in Evocations
  1068 | D:2      | Reached XP level 3. HP: 30/30 MP: 5/5
  1736 | D:3      | Reached skill level 1 in Dodging
  2216 | D:3      | Reached XP level 4. HP: 21/37 MP: 6/6
  2472 | D:3      | Noticed a phantom
  2497 | D:3      | Killed a phantom
  2655 | D:4      | Reached XP level 5. HP: 43/45 MP: 7/7
  3149 | D:4      | Noticed Menkaure
  3166 | D:4      | Killed Menkaure
  3167 | D:4      | Reached XP level 6. HP: 22/51 MP: 8/8
  3598 | D:5      | Entered Level 5 of the Dungeon
  3598 | D:5      | Noticed a water moccasin
  3881 | D:5      | Killed a water moccasin
  4319 | D:5      | Noticed engelados's ghost (novice GrCj)
  4323 | D:5      | Found a runed translucent door.
  4433 | D:5      | Reached XP level 7. HP: 29/58 MP: 9/9
  4737 | D:5      | Noticed Grinder
  4738 | D:5      | Noticed Duvessa
  4790 | D:5      | Killed Duvessa
  4876 | D:5      | Noticed Dowan
  4889 | D:5      | Killed Dowan
  4976 | D:5      | Paralysed by Grinder for 4 turns
  4984 | D:5      | Paralysed by Grinder for 4 turns
  4990 | D:5      | Paralysed by Grinder for 5 turns
  4997 | D:5      | Gained mutation: You occasionally lose the ability to drink
                  | potions when taking damage. [potion of mutation]
  4997 | D:5      | Gained mutation: You are robust. (+10% HP) [potion of
                  | mutation]
  4997 | D:5      | Gained mutation: You expend magic power (3 MP) to
                  | strengthen your wands. [potion of mutation]
  4997 | D:5      | Gained mutation: Your spells are a little harder to cast,
                  | but a little more powerful. [potion of mutation]
  4998 | D:5      | Paralysed by Grinder for 5 turns
  5005 | D:5      | Slain by Grinder

Illustrated notes

Levels and vault maps discovered:
D:1:      saegor_arrival_simple_b, layout_basic, st_stairs_8,
          dreamdust_mushroom_princess, minmay_pentomino_r2
D:2:      layout_rooms, basic_altar, serial_bayou, serial_bayou_lagoon_b,
          serial_bayou_shore_b, serial_bayou_lagoon_a, serial_bayou_pond_c
D:3:      layout_rooms
D:4:      layout_basic, uniq_menkaure
D:5:      layout_basic, hellmonk_ghost_happy_afterlife, uniq_duvessa,
          uniq_grinder

Skill      XL: |  1  2  3  4  5  6  7 |
---------------+----------------------+-----
Axes           | 2 3 4 |  4.3
Shields        | 3 4 |  4.8
Evocations     | 1 2 |  2.7
Armour         | 3 |  3.9
Dodging        | 1 2 |  2.7
Fighting       | 3 |  3.9

Action                   |  1- 3 |  4- 6 |  7- 9 || total
-------------------------+-------+-------+-------++-------
Melee: War axe           |   152 |   121 |    43 ||   316
Evoke: Wand              |       |     2 |     1 ||     3
  Use: Scroll            |       |     4 |       ||     4
       Potion            |       |     6 |     3 ||     9
 Stab: Invisible         |       |     2 |       ||     2
Armor: Scale mail        |    76 |    20 |       ||    96
       Chain mail        |       |    23 |    12 ||    35
Dodge: Dodged            |    67 |    50 |    11 ||   128
Block: Buckler           |    78 |    87 |    14 ||   179
       Reflection        |     2 |     4 |       ||     6
